 Dungeon Crawl Stone Soup version 0.27-a0-1065-ge809cff456 (webtiles) character file.

Game seed: 17487740604766172418

2 senseless the Ducker (level 1, -1/18 HPs)
             Began as a Human Monk on Apr 22, 2021.
             Was a Believer of Fedhas.
             Slain by a jackal (2 damage)
             ... on level 1 of the Dungeon.
             The game lasted 00:01:09 (61 turns).

senseless the Ducker (Human Monk)                     Turns: 61, Time: 00:01:10

Health: -1/18      AC:  2    Str: 11    XL:     1   Next: 44%
Magic:  1/1        EV: 13    Int: 10    God:    Fedhas [**....]
Gold:   0          SH:  0    Dex: 15    Spells: 0/0 levels left

rFire    . . .     SeeInvis .   a - +0 mace
rCold    . . .     Faith    .   (no shield)
rNeg     . . .     Spirit   .   b - +0 robe
rPois    +         Reflect  .   (no helmet)
rElec    .         Harm     .   (no cloak)
rCorr    .         Rampage  .   (no gloves)
Will     .....                  (no boots)
Stlth    ++........             (no amulet)
HPRegen  0.06/turn              c - ring of poison resistance
MPRegen  0.07/turn              (no ring)

@: no status effects
A: no striking features
a: Renounce Religion, Wall of Briars


You were on level 1 of the Dungeon.
You worshipped Fedhas.
Fedhas was pleased with you.
You visited 1 branch of the dungeon, and saw 1 of its levels.

Inventory:

Hand Weapons
 a - a +0 mace (weapon)
Armour
 b - a +0 robe (worn)
Jewellery
 c - a ring of poison resistance (left hand)
Scrolls
 d - a scroll of identify {unknown}
Potions
 e - 2 potions of might {unknown}


   Skills:
 + Level 3.0 Fighting
 + Level 3.0 Maces & Flails
 + Level 3.0 Dodging
 + Level 2.0 Stealth


You couldn't memorise any spells.
You didn't know any spells.
Your spell library was empty.

Dungeon Overview and Level Annotations

Branches:
Dungeon (1/15)

Altars:
Fedhas


Message History

You barely miss the jackal.
The jackal is heavily wounded.
The jackal bites you. The jackal barely misses you. x2
The kobold shouts!
You hit the jackal.
You kill the jackal!
Fedhas appreciates your contribution to the ecosystem.
The jackal barely misses you. The jackal closely misses you.
You miss the jackal. The jackal bites you. The jackal closely misses you.
You barely miss the jackal. You hit the jackal.
The jackal is moderately wounded.
The jackal bites you. x3; The jackal misses you.
You are too injured to fight recklessly!
You are too injured to fight recklessly!
You hit the jackal.
You kill the jackal!
Fedhas appreciates your contribution to the ecosystem.
The jackal bites you but does no damage.
You are too injured to fight recklessly!
You are too injured to fight recklessly!
You hit the jackal.
The jackal is severely wounded.
The jackal bites you but does no damage.
You hit the kobold.
The kobold is severely wounded.
The jackal closely misses you. x2; The kobold hits you but does no damage.
You barely miss the jackal.
The jackal is severely wounded.
The jackal bites you.
* * * LOW HITPOINT WARNING * * *
The kobold hits you with a +0 whip.
* * * LOW HITPOINT WARNING * * *
The jackal misses you.
You hit the kobold.
You kill the kobold!
Fedhas appreciates your contribution to the ecosystem.
The jackal bites you.
You die...
Fedhas appreciates your contribution to the ecosystem.

#. ##### #. #...# # #.
#######..h#####.##. #.##
#........@h........ #...
#....##...#........ #..#
#.§..#....#........
#..#####..§§#.##.#........
.........._§..§...........
#..#####..§§#.##.#..#.....
..............##.#........
..........§....#.##.#.....
..........#.#.... .. ....


You could see 2 jackals.

Vanquished Creatures
  2 jackals (D:1)
  A kobold (D:1)
3 creatures vanquished.

Notes
Turn   | Place    | Note
-------+----------+-------------------------------------------
     0 | D:1      | senseless the Human Monk began the quest for the Orb.
     0 | D:1      | Reached XP level 1. HP: 18/18 MP: 1/1
    25 | D:1      | Found a faded altar of an unknown god.
    34 | D:1      | Became a worshipper of Fedhas Madash
    34 | D:1      | Reached * piety under Fedhas
    34 | D:1      | Reached ** piety under Fedhas
    61 | D:1      | Slain by a jackal

Illustrated notes

Levels and vault maps discovered:
D:1:      ebering_trefoil_twist, layout_basic, ebering_ecumenical_altar_mist,
          minmay_strange_pillars, minivault_19, kennysheep_crisscross

Action                   || total
-------------------------++-------
Melee: Mace              ||    13
Armor: Robe              ||     4
Dodge: Dodged            ||     9

Table legend: (Time is in decaauts)
 A = Elapsed time spent in this place.
 B = Non-inter-level travel time spent in this place.
 C = Inter-level travel time spent in this place.
 D = Time resting spent in this place.
 E = Time spent auto-exploring this place.
 F = Levels seen in this place.
 G = Mean time per level.
                   A        B        C        D        E       F      G
               +--------+--------+--------+--------+--------+-----+--------+
         Total |     63 |     63 |      0 |      0 |     33 |   1 |   63.0 |
       Dungeon |     63 |     63 |      0 |      0 |     33 |   1 |   63.0 |
               +--------+--------+--------+--------+--------+-----+--------+

Top non-repeatable levels by time:
     D:1: 63 daAuts
